AoeStats
← nanakusa

Nomad

508208312Analyzed
4v4 RM · 11d ago on Sep 21, 2026· 52m 42s· 8 players
Game mode
Random Map
Map size
231×231
Population
200
Speed
Normal
Resources
Standard
Victory
Conquest
Starting age
Dark Age
Ending age
Imperial Age
RankedLock teamsTeams togetherTeam positionsShared explorationLock speedFull tech treeHidden civsTurbo modeCheats
Victory
Defeat
🇹🇼 Dravidians · Taiwan
1546
+12
🇬🇧 Italians · United Kingdom
1545
+12
🇯🇵 Mongols · Japan
1485
+15
🇭🇰 Koreans · Hong Kong SAR China
1462
+16
🇦🇷 Malians · Argentina
1544
-17
🇳🇱 Dravidians · Netherlands
1474
-14
🇭🇰 Lithuanians · Hong Kong SAR China
1422
-12
🇨🇳 Persians · China
1417
-12
鬼見愁
4:47 Loom
13:44 Feudal Age
14:36 Fishing Lines
19:15 Castle Age
17:09 Double-Bit Axe
20:15 Bow Saw
20:59 Gillnets
21:21 Fletching
22:32 Wheelbarrow
28:37 Hand Cart
31:18 Bodkin Arrow
31:07 Horse Collar
31:48 Stone Mining
38:05 Imperial Age
36:49 Stone Shaft Mining
36:05 Gold Mining
36:35 Eupseong
38:18 Ballistics
38:07 Thumb Ring
40:30 Two-Man Saw
39:35 Heavy Plow
39:42 Arrowslits
41:09 Bracer
41:35 Masonry
42:37 Conscription
41:38 Elite War Wagon
45:54 Chemistry
45:25 Architecture
46:20 Gold Shaft Mining
46:34 Treadmill Crane
47:00 Siege Engineers
48:16 Scale Mail Armor
48:26 Forging
49:05 Shinkichon
48:29 Pikeman
48:54 Gambesons
49:10 Squires
48:55 Arson
50:28 Iron Casting
50:09 Chain Mail Armor
49:19 Halberdier
52:45 Plate Mail Armor
nanakusa
12:41 Feudal Age
13:52 Double-Bit Axe
16:18 Castle Age
14:26 Fishing Lines
15:08 Gold Mining
17:30 Wheelbarrow
17:13 Medium Warships
18:31 Bow Saw
20:38 Gillnets
23:35 Loom
23:36 Horse Collar
24:19 Heavy Plow
24:36 Stone Mining
28:32 Town Watch
29:07 Hand Cart
31:40 Imperial Age
30:08 Gold Shaft Mining
30:26 Stone Shaft Mining
30:03 Fletching
30:45 Bodkin Arrow
31:34 Ballistics
32:47 Conscription
32:34 Bracer
33:36 Chemistry
32:59 Capped Ram
34:20 Drill
35:15 Thumb Ring
35:58 Bloodlines
35:29 Siege Ram
36:39 Husbandry
37:04 Padded Archer Armor
39:04 Parthian Tactics
38:56 Leather Archer Armor
41:27 Elite Mangudai
42:53 Coinage
43:21 Masonry
43:48 Hoardings
44:07 Banking
47:32 Scale Barding Armor
47:38 Forging
46:51 Light Cavalry
49:04 Chain Barding Armor
50:40 Iron Casting
AJC
4:00 Loom
12:36 Feudal Age
17:14 Castle Age
15:15 Double-Bit Axe
15:15 Fishing Lines
15:39 Fletching
16:26 Gold Mining
18:15 Bodkin Arrow
18:31 Bow Saw
18:14 Gillnets
20:49 Ballistics
21:36 Padded Archer Armor
24:43 Medium Warships
26:33 Horse Collar
28:36 Careening
31:57 Imperial Age
31:26 Scale Mail Armor
31:31 Squires
31:16 Arson
32:12 Scale Mail Armor
32:22 Forging
32:11 Treadmill Crane
33:42 Chemistry
32:50 Bracer
33:05 Masonry
35:43 Wheelbarrow
36:42 Heavy Plow
37:48 Leather Archer Armor
38:11 Conscription
40:14 Chain Mail Armor
40:35 Iron Casting
41:30 Pirotechnia
42:21 Thumb Ring
43:41 Architecture
43:48 Hoardings
44:11 Town Watch
44:42 Hand Cart
45:35 Ring Archer Armor
46:35 Stone Mining
46:52 Murder Holes
48:20 Two-Man Saw
47:52 Plate Mail Armor
48:54 Crop Rotation
49:27 Blast Furnace
48:45 Fortified Wall
52:54 Bombard Tower
52:21 Arrowslits
歐吉桑
4:47 Loom
16:10 Feudal Age
17:26 Double-Bit Axe
19:43 Castle Age
18:29 Fletching
21:24 Bow Saw
23:11 Bodkin Arrow
26:38 Horse Collar
29:09 Padded Archer Armor
33:35 Wheelbarrow
34:37 Town Watch
34:45 Stone Mining
34:47 Gold Mining
35:54 Hand Cart
40:28 Imperial Age
38:32 Thumb Ring
39:04 Padded Archer Armor
40:09 Heavy Plow
40:50 Leather Archer Armor
40:32 Elite Elephant Archer
42:26 Chemistry
41:39 Medical Corps
42:20 Bracer
42:50 Ring Archer Armor
43:36 Ballistics
44:01 Town Patrol
52:17 Husbandry
418436883
6:42 Loom
12:55 Feudal Age
14:07 Double-Bit Axe
18:37 Fletching
22:21 Castle Age
24:28 Wheelbarrow
24:02 Gold Mining
28:01 Stone Mining
30:22 Hand Cart
30:59 Town Watch
31:59 Gold Shaft Mining
32:00 Stone Shaft Mining
32:36 Bow Saw
33:34 Bloodlines
33:34 Scale Barding Armor
33:34 Horse Collar
35:01 Chain Barding Armor
34:51 Forging
36:56 Husbandry
39:42 Imperial Age
38:24 Forging
38:18 Husbandry
39:29 Cavalier
41:20 Plate Barding Armor
41:21 Iron Casting
40:58 Savar
43:55 Conscription
45:49 Blast Furnace
45:10 Guilds
45:01 Caravan
46:37 Padded Archer Armor
46:41 Elite Skirmisher
52:13 Bodkin Arrow
52:34 Leather Archer Armor
52:57 Ballistics
53:37 Chemistry
D3AGLEZ
4:49 Loom
14:30 Feudal Age
18:33 Castle Age
17:07 Gold Mining
17:44 Scale Mail Armor
18:04 Fishing Lines
19:23 Double-Bit Axe
19:35 Gillnets
20:15 Medium Warships
20:56 Chain Mail Armor
21:22 Bow Saw
21:23 Forging
22:09 Fletching
24:23 Town Watch
35:38 Horse Collar
39:07 Wheelbarrow
50:11 Imperial Age
48:02 Heated Shot
48:23 Bodkin Arrow
49:02 Padded Archer Armor
48:48 Elite Skirmisher
50:00 Leather Archer Armor
52:06 Chemistry
51:27 Ballistics
51:11 Bracer
52:42 Ring Archer Armor
crazy ant
10:22 Loom
14:05 Feudal Age
17:47 Castle Age
16:27 Forging
16:53 Fishing Lines
18:03 Double-Bit Axe
19:01 Medium Warships
20:23 Iron Casting
19:59 Gillnets
23:26 Bow Saw
25:14 Wheelbarrow
24:45 Gold Mining
29:09 Imperial Age
28:01 Scale Barding Armor
29:17 Hand Cart
29:08 Husbandry
29:54 Horse Collar
31:01 Heavy Warships
32:37 Two-Man Saw
31:56 Bloodlines
33:03 Stone Mining
32:59 Cavalier
35:29 Chemistry
34:40 Heavy Plow
36:32 Hand Cart
37:16 Paladin
39:36 Town Watch
40:51 Chain Barding Armor
41:34 Ballistics
42:55 Guilds
43:54 Fletching
44:04 Padded Archer Armor
44:42 Conscription
44:27 Tower Shields
45:16 Bodkin Arrow
45:37 Leather Archer Armor
46:26 Coinage
45:39 Elite Skirmisher
46:21 Bracer
50:12 Ring Archer Armor
52:55 Plate Barding Armor
Sick Porky Stoner
6:07 Loom
12:19 Feudal Age
16:14 Castle Age
15:07 Double-Bit Axe
15:03 Horse Collar
17:39 Bow Saw
19:23 Forging
19:58 Squires
29:22 Wheelbarrow
33:37 Imperial Age
31:36 Scale Mail Armor
30:57 Man-at-Arms
31:23 Arson
32:04 Heavy Plow
32:41 Chain Mail Armor
32:24 Long Swordsman
34:01 Hand Cart
34:36 Iron Casting
33:40 Two-Handed Swordsman
34:54 Plate Mail Armor
34:45 Champion
37:07 Conscription
37:23 Hoardings
36:56 Scale Barding Armor
38:09 Guard Tower
39:20 Chemistry
38:11 Fletching
38:43 Chain Barding Armor
39:35 Gold Mining
42:16 Husbandry
42:26 Bloodlines
42:58 Gold Shaft Mining
42:13 Stone Mining
43:00 Farimba
44:40 Crop Rotation
44:20 Heavy Camel Rider
45:36 Plate Barding Armor
45:41 Fortified Wall
46:23 Light Cavalry
46:55 Cavalier
48:05 Town Watch
49:45 Bodkin Arrow
50:11 Ballistics
52:52 Keep
52:14 Murder Holes
52:26 Tigui
Connection lost

Rejoining the realm…

Still unreachable

The connection could not be restored.

Session expired

The server has moved on; the page needs a fresh start.